[Event "Early-Titled-Tuesday-Blitz-October-10-2023"]
[Site "Chess.com"]
[Date "2023.10.10"]
[Round "7"]
[White "farzadbfd"]
[Black "Shuvalov"]
[Result "1-0"]
[WhiteElo "2695"]
[BlackElo "2478"]
[TimeControl "180+1"]
[EndTime "9:15:50 PDT"]
[Termination "farzadbfd won by resignation"]

1. d4 Nf6 2. Nf3 c5 3. d5 b5 4. Bg5 g6 5. a4 b4 6. Bxf6 exf6 7. Nbd2 Bg7 8. e3 O-O 9. Bc4 f5 10. Ra2 d6 11. O-O Nd7 12. a5 Re8 13. Bb5 Bb7 14. Nc4 Qc7 15. a6 Bc8 16. Bc6 Rb8 17. b3 Re7 18.
Qd3 Nf6 19. h3 Ne4 20. Nfd2 Nc3 21. Ra5 f4 22. e4 f5 23. e5 Bxe5 24. Re1 Ne4 25. Nxe4 fxe4 26. Qxe4 Bf5 27. Qf3 Bxc2 28. Ra2 Bf5 29. Rae2 Rf8 30. Bb7 Bd7 31. Rd2 Bb5 32.
Nxe5 Rxe5 33. Rxe5 dxe5 34. d6 Qb6 35. Qd5+ Kg7 36. Qxe5+ Kh6 37. d7 c4 38. bxc4 Bxc4 39. d8=Q Rxd8 40. Rxd8 Qxd8 41. Qxf4+ Kg7 42. Qxc4 Qb6 43.
Qb3 Qc5 44. Qb2+ Qc3 45. Qxc3+ bxc3 46. Be4 Kf6 47. Kf1 Ke5 48. Bc2 Kd4 49. Ke2 Kc4 50. Kd1 Kb5 51. Bd3+ Kb4 52. Kc2 1-0

[Event "Early-Titled-Tuesday-Blitz-October-10-2023"]
[Site "Chess.com"]
[Date "2023.10.10"]
[Round "7"]
[White "Casper"]
[Black "cukin84"]
[Result "1-0"]
[WhiteElo "2437"]
[BlackElo "2209"]
[TimeControl "180+1"]
[EndTime "9:15:50 PDT"]
[Termination "Casper won by resignation"]

1. e4 c6 2. d4 d5 3. exd5 cxd5 4.
Be2 Nc6 5. Bf4 Nf6 6. Nf3 Bg4 7. O-O e6 8. h3 Bh5 9. c3 Bd6 10. Ne5 Bxe2 11. Qxe2 O-O 12. Nd2 a6 13. Nxc6 bxc6 14. Be5 Rb8 15. b4 a5 16. a3 axb4 17. axb4 Bxe5 18.
dxe5 Nd7 19. Nf3 Qb6 20. Ra6 Qc7 21. Rfa1 Rb7 22. Nd4 c5 23. Rc6 Qxe5 24. Qxe5 Nxe5 25. Rxc5 h5 26. Kf1 Nd3 27. Rc6 e5 28. Nf5 Rd8 29. Ke2 Nf4+ 30. Kf3 g6 31. Nd6 Rbd7 32. Raa6 Nd3 33. Ke3 e4 34. Kd4 Nxf2 35. b5 Re7 36. b6 e3 37. b7 e2 38. Ra8 Rd7 39. Rcc8 e1=Q 40. Rxd8+ Kg7 41. Rxd7 Qd2+ 42. Kc5 Qxc3+ 43.
Kb6 Qb4+ 44. Kc7 Qc5+ 45. Kd8 Qb6+ 46. Kc8 Qc6+ 47. Rc7 Qxd6 48. b8=Q Qf8+ 49. Kb7 Qb4+ 50. Kc8 Qf8+ 51. Kd7 1-0

[Event "Early-Titled-Tuesday-Blitz-October-10-2023"]
[Site "Chess.com"]
[Date "2023.10.10"]
[Round "7"]
[White "JuniorJumper"]
[Black "hawes33"]
[Result "1/2-1/2"]
[WhiteElo "2581"]
[BlackElo "2273"]
[TimeControl "180+1"]
[EndTime "9:15:50 PDT"]
[Termination "Game drawn - insufficient material"]

1. d4 c5 2. d5 Nf6 3. Nc3 g6 4. e4 d6 5. h3 Bg7 6. Nf3 O-O 7.
Bd3 Na6 8. O-O Nc7 9. a4 b6 10. Bf4 Nh5 11. Bh2 Ba6 12. Nd2 Bxd3 13. cxd3 a6 14.
Qb3 b5 15. axb5 Nxb5 16. Nxb5 axb5 17. Rxa8 Qxa8 18. Qxb5 Rb8 19. Qc6 Qa2 20. Nc4 Bxb2 21. Qc7 Re8 22. Qd7 Nf6 23. Qb5 Bd4 24. Bf4 Kg7 25.
Bg5 Ra8 26. Be3 Qc2 27. Bxd4 cxd4 28. Qb7 Re8 29. Qb1 Qc3 30. Rc1 Rb8 31. Qc2 Qxc2 32.
Rxc2 Rb1+ 33. Kh2 Rb3 34. Rd2 Nd7 35. Na5 Ra3 36. Nc6 Kf6 37. Nxd4 Nc5 38. Nc2 Rxd3 39. Rxd3 Nxd3 40. Kg3 Ke5 41. f3 f5 42. exf5 gxf5 43. Kh4 Kxd5 44. g4 Ke5 45. g5 Nf4 46. Ne3 d5 47.
Kg3 Ne2+ 48. Kf2 Nf4 49. Kg3 d4 50. Nc4+ Kd5 51. Nb6+ Kc5 52. Na4+ Kb4 53. Kxf4 Kxa4 54. h4 Kb3 55. h5 d3 56. Ke3 Kc2 57. g6 hxg6 58.
hxg6 d2 59. g7 d1=Q 60. g8=Q Qd3+ 61. Kf4 Kd2 62. Qa2+ Ke1 63. Qa1+ Kf2 64. Qb2+ Qe2 65. Qd4+ Ke1 66. Qg1+ Kd2 67. Qd4+ Qd3 68. Qxd3+ Kxd3 69. Kxf5 Ke3 70. Ke6 Kf4 71. Kxe7 Kxf3 1/2-1/2

[Event "Early-Titled-Tuesday-Blitz-October-10-2023"]
[Site "Chess.com"]
[Date "2023.10.10"]
[Round "7"]
[White "azikom"]
[Black "pirulillo"]
[Result "1-0"]
[WhiteElo "2582"]
[BlackElo "2339"]
[TimeControl "180+1"]
[EndTime "9:15:51 PDT"]
[Termination "azikom won on time"]

1. e4 c5 2. Nc3 e6 3. g3 Nc6 4. Bg2 g6 5. d3 Bg7 6. h4 h5 7. Bg5 Nge7 8. Qd2 d6 9. O-O-O Qa5 10. Nge2 Bd7 11. Kb1 b5 12. Nc1 Bxc3 13. Qxc3 Qxc3 14. bxc3 Rb8 15. Bf6 Rg8 16. Rhe1 a5 17. f4 b4 18. Ka1 a4 19. Ne2 Nc8 20. cxb4 Nxb4 21. Rd2 a3 22.
Rb1 Ra8 23. c3 Nc6 24. Rb7 Rb8 25. Rxb8 Nxb8 26. Rd1 Bc6 27. c4 Nd7 28. Bc3 Ncb6 29. Rc1 Na4 30. Bd2 Ke7 31. Nc3 Nxc3 32. Rxc3 Ra8 33.
Bc1 Nb6 34. Bf1 f5 35. e5 dxe5 36. fxe5 Nd7 37. Bxa3 Nxe5 38. Bxc5+ Kf7 39. Be3 Ba4 40. Ra3 Bc6 41. Rxa8 Bxa8 42. Kb2 Nc6 43. d4 e5 44. dxe5 Nxe5 45. Kc3 Ng4 46. Bf4 Nf6 47. a4 Ne4+ 48. Kb4 1-0

[Event "Early-Titled-Tuesday-Blitz-October-10-2023"]
[Site "Chess.com"]
[Date "2023.10.10"]
[Round "7"]
[White "JiiHart"]
[Black "stepanosinovsky"]
[Result "1-0"]
[WhiteElo "2188"]
[BlackElo "2371"]
[TimeControl "180+1"]
[EndTime "9:15:51 PDT"]
[Termination "JiiHart won on time"]

1. e4 e5 2. Nf3 Nc6 3. Bc4 Nf6 4. d3 Be7 5. c3 O-O 6. Bg5 h6 7. Bh4 d5 8. Bxf6 dxc4 9. Bxe7 Qxe7 10. dxc4 f5 11.
Nbd2 fxe4 12. Nxe4 Rf4 13. Qe2 Bg4 14. O-O-O Raf8 15. Rd3 Qf7 16. b3 Qg6 17. Re1 Bf5 18. Nfd2 Qxg2 19.
Rg3 Qxh2 20. Reg1 Rf7 21. Qe3 Kh8 22. f3 b6 23. R3g2 Qh4 24. Qe2 Qe7 25. Kb2 Bh7 26. Qf1 a5 27. Qe2 a4 28. b4 Bf5 29. Ng3 Be6 30.
Nde4 Rh4 31. Rh2 Rxh2 32. Qxh2 Bxc4 33. Nh5 Bd5 34. Nhf6 Rxf6 35. Nxf6 Qxf6 36. Qg3 Kh7 37. Rg2 Bf7 38. a3 Ne7 39. Qg4 Ng6 40. Qe4 1-0

[Event "Early-Titled-Tuesday-Blitz-October-10-2023"]
[Site "Chess.com"]
[Date "2023.10.10"]
[Round "7"]
[White "ArmanGhevondyanchess"]
[Black "GMKrikor"]
[Result "0-1"]
[WhiteElo "2571"]
[BlackElo "2838"]
[TimeControl "180+1"]
[EndTime "9:15:52 PDT"]
[Termination "GMKrikor won by resignation"]

1. Nf3 d5 2. d4 Bf5 3. g3 Nc6 4. Bg2 Nb4 5. Na3 e6 6. O-O Be7 7. Ne5 Nf6 8. Nd3 a5 9. c3 Nc6 10. Nc2 O-O 11. Re1 h6 12. Bf4 Ne4 13. f3 Nd6 14. e4 Bh7 15. Qe2 Re8 16. Rad1 b6 17.
g4 Bh4 18. Bg3 Bxg3 19. hxg3 dxe4 20. fxe4 e5 21. Nf2 Qg5 22. d5 Nb8 23. Ne3 Nd7 24.
Kh2 Bg6 25. Nf5 Bxf5 26. gxf5 Nf6 27. Bf3 h5 28. Rh1 g6 29. fxg6 fxg6 30. Nh3 Qh6 31. Kg2 Kg7 32. Nf2 Rf8 33. Rh2 Nh7 34. Nd3 Rae8 35.
Kg1 Ng5 36. Bh1 Ngf7 37. b3 Qg5 38. Rg2 Nh6 39. c4 Ng4 40. Re1 Rf6 41. c5 Nb5 42. d6 Nd4 43. Qd1 Nf3+ 44. Qxf3 Rxf3 45. d7 Rd8 46. c6 Rxd3 47. Rf1 Qe3+ 0-1

[Event "Early-Titled-Tuesday-Blitz-October-10-2023"]
[Site "Chess.com"]
[Date "2023.10.10"]
[Round "7"]
[White "MaxLeto"]
[Black "sokidze"]
[Result "0-1"]
[WhiteElo "2492"]
[BlackElo "2790"]
[TimeControl "180+1"]
[EndTime "9:15:52 PDT"]
[Termination "sokidze won on time"]

1. g4 e5 2. Bg2 Ne7 3. c4 Ng6 4. d3 Nh4 5. Be4 d6 6. Nf3 Nd7 7. Nxh4 Qxh4 8. h3 Nc5 9. Bg2 Be7 10.
Nd2 Ne6 11. Nf3 Qf6 12. g5 Qg6 13. h4 h5 14. Nd2 f5 15. Nb3 c6 16. Na5 O-O 17. b4 Rd8 18. Bd2 d5 19. cxd5 cxd5 20. Qb3 Nd4 21. Qb2 Be6 22. e3 Nc6 23. Nxc6 bxc6 24. Qxe5 Bd6 25. Qb2 f4 26. O-O-O Qxd3 27. Bc3 Qg6 28. e4 dxe4 29. Rhe1 f3 30. Bf1 e3 31. fxe3 Bf5 32. e4 Bxe4 33. Bc4+ Kf8 34.
Rxe4 Qxe4 35. Bxg7+ Ke8 36. Bb3 Bf4+ 37. Rd2 Bxd2+ 38.
Qxd2 Rxd2 39. Kxd2 Rd8+ 0-1

[Event "Early-Titled-Tuesday-Blitz-October-10-2023"]
[Site "Chess.com"]
[Date "2023.10.10"]
[Round "7"]
[White "Sergey85Rodchenkov"]
[Black "AnaKuchava"]
[Result "1-0"]
[WhiteElo "2499"]
[BlackElo "2259"]
[TimeControl "180+1"]
[EndTime "9:15:52 PDT"]
[Termination "Sergey85Rodchenkov won on time"]

1. e4 c5 2. Nf3 d6 3. d4 cxd4 4.
Nxd4 Nf6 5. Nc3 Nc6 6. Bg5 e6 7.
Qd2 Qb6 8. Nb3 Be7 9. Bf4 O-O 10. Be2 a6 11. g4 Rd8 12. g5 Nd7 13. O-O-O Nc5 14.
Be3 Qc7 15. h4 b5 16. f3 b4 17. Nb1 Nxb3+ 18. axb3 a5 19. Bb5 Ba6 20. Ba4 Qb7 21. h5 Ne5 22. f4 Ng4 23. g6 Nxe3 24. Qxe3 fxg6 25. hxg6 h6 26. Qh3 Qxe4 27. Nd2 Qf5 28. Qe3 Bf6 29. Kb1 Rac8 30. Rc1 Bb7 31. Rhe1 e5 32.
Nc4 Qxf4 33. Qb6 Bd5 34. Nxd6 Rb8 35. Qc5 Be7 36. Qxd5+ Kf8 37. Qf7+ Qxf7 38. Nxf7 Rd2 39. Nxe5 Bf6 40. Nd7+ Rxd7 41. Bxd7 Rd8 42. Ba4 1-0

[Event "Early-Titled-Tuesday-Blitz-October-10-2023"]
[Site "Chess.com"]
[Date "2023.10.10"]
[Round "7"]
[White "Gyulamiryan-koryun"]
[Black "KejJaj"]
[Result "0-1"]
[WhiteElo "1998"]
[BlackElo "2162"]
[TimeControl "180+1"]
[EndTime "9:15:52 PDT"]
[Termination "KejJaj won on time"]

1. e4 c5 2. Nf3 d6 3. d4 cxd4 4. Nxd4 Nf6 5. Nc3 g6 6. Be3 Bg7 7. f3 O-O 8. Qd2 Nc6 9. O-O-O d5 10. Nxc6 bxc6 11. Bh6 Bxh6 12. Qxh6 Qb6 13. exd5 cxd5 14. Nxd5 Nxd5 15. Rxd5 Be6 16. Rd2 Rab8 17. b3 Rfc8 18. Bd3 Bxb3 19. axb3 Qxb3 20. Rdd1 Qc3 21. Qh3 Rb4 22.
Rde1 Ra4 23. Kd1 Rc6 24. Qd7 Rd4 25. Qe8+ Kg7 26. Re3 Ra6 27. Ke2 Qc5 28. Qxe7 Qd5 29.
Bxa6 Rd2+ 30. Kf1 Qa2 31. Qe5+ Kg8 32. Bd3 Qb1+ 33. Re1 Qb6 34. Qe8+ Kg7 35. Qe3 Qb4 36. Qe5+ Kg8 37. c3 Qb2 38. Qe3 Rxg2 39. Be2 Rxe2 40. Qxe2 Qxc3 41. Kf2 Kg7 0-1

[Event "Early-Titled-Tuesday-Blitz-October-10-2023"]
[Site "Chess.com"]
[Date "2023.10.10"]
[Round "7"]
[White "Alenzer"]
[Black "MdChess1734"]
[Result "0-1"]
[WhiteElo "2119"]
[BlackElo "2385"]
[TimeControl "180+1"]
[EndTime "9:15:53 PDT"]
[Termination "MdChess1734 won on time"]

1. e4 c6 2. Nc3 d5 3. Qe2 d4 4.
Nd1 c5 5. d3 Nc6 6. g3 e5 7.
Bg2 Bd6 8. f4 Nf6 9. Nf3 Qe7 10.
O-O Bg4 11. Nf2 Bd7 12. f5 Nh5 13. g4 Nf4 14. Bxf4 exf4 15. Rae1 Ne5 16. h3 h5 17. gxh5 O-O-O 18. Nxe5 Bxe5 19. Ng4 f6 20. c3 Be8 21.
Rf3 Bxh5 22. c4 g6 23. b4 cxb4 24. Rb1 Rdg8 25. Qb2 Bd6 26. a3 bxa3 27. Qb5 a6 28. Qb6 Bxg4 29. hxg4 gxf5 30. exf5 Rxg4 31. Kf2 Re8 32.
Kg1 Rxg2+ 33. Kxg2 Qe2+ 34. Rf2 Rg8+ 0-1

[Event "Early-Titled-Tuesday-Blitz-October-10-2023"]
[Site "Chess.com"]
[Date "2023.10.10"]
[Round "7"]
[White "WindWhistler11"]
[Black "hakanazeri2"]
[Result "1-0"]
[WhiteElo "2480"]
[BlackElo "2598"]
[TimeControl "180+1"]
[EndTime "9:15:54 PDT"]
[Termination "WindWhistler11 won by resignation"]

1. Nf3 Nf6 2. g3 c5 3. Bg2 d5 4.
d3 Nc6 5. Nbd2 g6 6. O-O Bg7 7. e4 O-O 8. a3 dxe4 9. dxe4 Bg4 10. Rb1 Nd4 11. b4 c4 12. c3 Nxf3+ 13. Bxf3 Bxf3 14. Qxf3 Rc8 15. a4 Nd7 16. Qe2 Ne5 17. Rd1 Qb6 18.
b5 Rfd8 19. Ba3 e6 20. Kg2 Nd3 21. Nxc4 Rxc4 22. Rxd3 Rxd3 23. Qxd3 Rxc3 24. Qd6 Qxd6 25. Bxd6 Rc4 26. a5 Rxe4 27. Rc1 Bb2 28. Rc8+ Kg7 29.
Rb8 Re2 30. Bf8+ Kf6 31. Bc5 Rc2 32. Bxa7 Bc3 33. Rc8 e5 34. a6 bxa6 35. b6 Ke6 36. b7 Rb2 37. b8=Q Rxb8 38. Rxb8 Kf5 39. Rb7 Ke6 40.
Bc5 h6 41. Rb6+ Kf5 42. Rxa6 h5 43. Be7 e4 44. Rc6 Be5 45. Rc5 Ke6 46. Bf8 f6 47. Ra5 Kf5 48. Bd6 1-0

[Event "Early-Titled-Tuesday-Blitz-October-10-2023"]
[Site "Chess.com"]
[Date "2023.10.10"]
[Round "7"]
[White "ajedrezhoy"]
[Black "LangesNasenhaar"]
[Result "0-1"]
[WhiteElo "2370"]
[BlackElo "2550"]
[TimeControl "180+1"]
[EndTime "9:15:55 PDT"]
[Termination "LangesNasenhaar won by resignation"]

1. c4 Nc6 2. Nc3 e5 3. Nf3 Nf6 4. e4 Bc5 5. Nxe5 Nxe5 6. d4 Bb4 7. dxe5 Nxe4 8. Qd4 Nxc3 9. bxc3 Be7 10. Qg4 g6 11. Qg3 d5 12. Be3 Be6 13. cxd5 Qxd5 14. Be2 h5 15. O-O h4 16. Qf4 O-O 17. Rfd1 Qa5 18.
c4 Rad8 19. h3 Rxd1+ 20. Bxd1 Rd8 21. Bf3 c6 22. Bg4 Bxg4 23. hxg4 Qc3 24. Rc1 Qd3 25. Bxa7 c5 26. Qf3 Qxf3 27. gxf3 Ra8 28. Bb6 Rxa2 29. Bc7 Ra3 30. Kg2 Kf8 31. Rb1 Rc3 32. Rxb7 Rxc4 33.
Rb8+ Kg7 34. Re8 Bg5 35. Bd6 Rc1 36. Bf8+ Kh7 37. Be7 Bxe7 38. Rxe7 Kg8 39. f4 Kf8 40. Rc7 Rc4 41. Kf3 h3 42. f5 gxf5 43. gxf5 Rh4 44.
f6 Ke8 45. Re7+ Kd8 46. Ra7 h2 47. Ra1 h1=Q+ 48. Rxh1 Rxh1 49. Ke4 Rd1 50. Kf5 Kd7 0-1

[Event "Early-Titled-Tuesday-Blitz-October-10-2023"]
[Site "Chess.com"]
[Date "2023.10.10"]
[Round "7"]
[White "Orest_Vovk"]
[Black "WelshTiger"]
[Result "1-0"]
[WhiteElo "2529"]
[BlackElo "2413"]
[TimeControl "180+1"]
[EndTime "9:15:58 PDT"]
[Termination "Orest_Vovk won by checkmate"]

1. h4 b6 2. h5 Bb7 3. Nc3 h6 4. d4 d5 5. Nf3 c5 6. Ne5 Nd7 7. Bf4 Nxe5 8. dxe5 e6 9. e4 a6 10. exd5 Bxd5 11. Nxd5 Qxd5 12. Qxd5 exd5 13. O-O-O Ne7 14. g3 d4 15. Bg2 Rd8 16. e6 Nd5 17. exf7+ Kxf7 18. Be5 Be7 19. c4 Nf6 20. Bc7 Rd7 21. Bxb6 Rb8 22. Ba5 Ng4 23. Be1 Ne5 24. Bd5+ Kf8 25. f4 Ng4 26. Be6 Rdb7 27. Bxg4 Rxb2 28. Rd2 Rb1+ 29.
Kc2 Bf6 30. Kd3 Re8 31. Re2 Reb8 32. Bf3 Ra1 33. Ba5 Rbb1 34. Rxb1 Rxb1 35. Bc7 Rd1+ 36. Rd2 Rg1 37. Bd6+ Ke8 38. Bg2 Re1 39. Re2+ Rxe2 40. Kxe2 Kd7 41. Bxc5 d3+ 42. Kxd3 a5 43. Bd4 Be7 44.
Bxg7 Bf8 45. Bxf8 Ke8 46. Bxh6 Kf7 47. Bg5 Kg8 48. Bd8 Kh8 49. Bxa5 Kh7 50. Bb6 Kh8 51. a4 Kh7 52. a5 Kh8 53. g4 Kh7 54. g5 Kh8 55. f5 Kh7 56. a6 Kg7 57. Bd5 Kh7 58. a7 Kg7 59. a8=Q Kh7 60. Qg8# 1-0

[Event "Early-Titled-Tuesday-Blitz-October-10-2023"]
[Site "Chess.com"]
[Date "2023.10.10"]
[Round "7"]
[White "Ariadna_Atreides"]
[Black "Zeck_CH"]
[Result "0-1"]
[WhiteElo "2193"]
[BlackElo "2477"]
[TimeControl "180+1"]
[EndTime "9:15:58 PDT"]
[Termination "Zeck_CH won on time"]

1. d4 c5 2. e3 g6 3. Nf3 Bg7 4. Nbd2 b6 5. b3 cxd4 6. exd4 Bb7 7. Bb2 d6 8. c4 Nd7 9. Rb1 e6 10. Be2 Ne7 11. O-O O-O 12. Re1 a5 13. h4 h6 14. h5 g5 15. Bd3 Re8 16. Ne4 Nf8 17. Qd2 f5 18. Ng3 a4 19. d5 g4 20. Bxg7 Kxg7 21.
Nh4 axb3 22. dxe6 bxa2 23. Ngxf5+ Nxf5 24. Nxf5+ Kg8 25. Nxh6+ Kg7 26. Nf5+ Kg8 27. Qh6 Re7 28. Nxe7+ Qxe7 29. Ra1 Ra5 30. Qe3 Nh7 31. Bxh7+ Kxh7 32. Qd3+ Kg8 33. Qg6+ Kh8 34. Qxg4 Rg5 35. Qd4+ Kh7 36.
g3 Rxh5 37. Qd3+ Kh8 38. f3 Qg5 39. Kg2 Qh6 40. Rh1 Rxh1 41. Rxh1 Qxh1+ 42. Kxh1 a1=Q+ 43. Kg2 Qb2+ 44. Kh3 Qf6 45. Qe3 Bc8 46. g4 Bxe6 47. Kg3 Bxc4 48. Qxb6 Qe5+ 49. Kf2 d5 50. Qd8+ Kg7 51.
Qd7+ Kf8 52. Qd8+ Kf7 53. Qd7+ Qe7 54. Qf5+ Kg7 55. g5 Qa7+ 56. Kg3 Qc7+ 57. f4 Qe7 58. Qg4 Qe1+ 59. Kh3 Bf1+ 60. Kh2 Qf2+ 61. Kh1 Bb5 62. f5 Qe1+ 63. Kh2 Qd2+ 64. Kh3 Be2 0-1

[Event "Early-Titled-Tuesday-Blitz-October-10-2023"]
[Site "Chess.com"]
[Date "2023.10.10"]
[Round "7"]
[White "Alina_Gumerovna"]
[Black "zverr1"]
[Result "1/2-1/2"]
[WhiteElo "2129"]
[BlackElo "2496"]
[TimeControl "180+1"]
[EndTime "9:16:02 PDT"]
[Termination "Game drawn by repetition"]

1. e4 c5 2. Nf3 d6 3. d4 cxd4 4. Nxd4 Nf6 5. f3 e5 6. Nb3 d5 7. exd5 Qxd5 8. Qxd5 Nxd5 9. Bd2 Be6 10. Nc3 Nc6 11. O-O-O O-O-O 12. Nxd5 Bxd5 13. c3 f6 14. Kc2 e4 15. f4 f5 16. Be3 Be7 17. Be2 Bf6 18. g3 b6 19. Nd4 Bxd4 20. Bxd4 Rd7 21. Be3 Rhd8 22. b3 Kc7 23. Rd2 Be6 24. Rhd1 Rxd2+ 25. Rxd2 Rxd2+ 26. Kxd2 Ne7 27. c4 Nc6 28. Kc3 h6 29. h4 Bf7 30. b4 a5 31. a3 axb4+ 32.
axb4 Kb7 33. Bd4 g6 34. Bg7 h5 35. Bf6 Kc7 36. b5 Na5 37. Be5+ Kd7 38. Bd4 Kc7 39.
Kb4 Nb7 40. c5 bxc5+ 41. Bxc5 Bd5 42. Bd4 Kd6 43. Be5+ Ke6 44. b6 Kd7 45. Bb5+ Bc6 46. Be2 Bd5 47. Bb5+ Bc6 48. Be2 Nd8 49. Bf6 Nb7 50.
Be5 1/2-1/2

[Event "Early-Titled-Tuesday-Blitz-October-10-2023"]
[Site "Chess.com"]
[Date "2023.10.10"]
[Round "7"]
[White "Alphafischer2019"]
[Black "Vision_64"]
[Result "1-0"]
[WhiteElo "2573"]
[BlackElo "2336"]
[TimeControl "180+1"]
[EndTime "9:16:02 PDT"]
[Termination "Alphafischer2019 won on time"]

1. e4 e6 2. d4 d5 3. Nd2 Nc6 4. Ngf3 Nf6 5. e5 Nd7 6. Bd3 Nb4 7. Be2 c5 8. c3 Nc6 9. Bd3 cxd4 10. cxd4 Nb4 11. Bb1 b6 12. a3 Nc6 13. Bd3 f6 14.
exf6 Nxf6 15. O-O Bd6 16. Re1 O-O 17. b4 Ng4 18. Bb2 Qf6 19. Qe2 Qh6 20. h3 Nf6 21.
Rac1 Bd7 22. Rxc6 Bxc6 23. Qxe6+ Kh8 24. Qxd6 Rac8 25. Bc1 Qh5 26. Ne5 Ba8 27. Nf1 Ne4 28. Bxe4 dxe4 29. Be3 Rfd8 30. Qe7 Re8 31. Qxa7 Rc2 32.
Ng3 Qh4 33. Nf7+ Kg8 34. Ng5 Rf8 35. Qd7 Qh6 36. Ne6 Qf6 37. Nxf8 Qxf8 38. Qe6+ Kh8 39. Nf5 Bb7 40. Nd6 Rc6 41. Nf7+ Kg8 42. Nh6+ Kh8 43. Qf5 Qd8 44. Nf7+ Kg8 45. Nxd8 1-0

[Event "Early-Titled-Tuesday-Blitz-October-10-2023"]
[Site "Chess.com"]
[Date "2023.10.10"]
[Round "7"]
[White "fu24"]
[Black "Elprofessor21"]
[Result "0-1"]
[WhiteElo "2621"]
[BlackElo "2782"]
[TimeControl "180+1"]
[EndTime "9:16:04 PDT"]
[Termination "Elprofessor21 won on time"]

1. d4 d5 2. Bf4 g6 3. e3 Bg7 4. Nc3 Nf6 5. h4 h5 6. Be2 c5 7. Nb5 Na6 8. Nf3 O-O 9. c3 Bd7 10. a4 cxd4 11. exd4 Ne4 12. Nd2 Bf5 13. f3 Nxd2 14.
Qxd2 Qd7 15. O-O-O Rfc8 16. g4 hxg4 17. h5 Nb4 18. Qe3 a6 19. fxg4 Be4 20. hxg6 Bxg6 21. Bh6 Qe6 22. Qxe6 fxe6 23. Na3 Nc6 24. Bxg7 Kxg7 25. Nc2 Na5 26. Rde1 Nb3+ 27. Kd1 b5 28. a5 b4 29. Nxb4 Rab8 30. Bxa6 Rc7 31. Bd3 Rxb4 32. Bxg6 Ra4 33. Bd3 e5 34. Rh7+ Kg8 35. Rxe5 Ra1+ 36. Ke2 Nc1+ 37. Kd2 Nxd3 38. Reh5 Nxb2 39.
Rh8+ Kf7 40. g5 Nc4+ 41. Ke2 Ra2+ 42. Kf3 Ke6 43. g6 Nd2+ 44. Ke3 Rxc3+ 45. Kf4 Rf3+ 46. Kg4 Rf1 47. Re5+ Kd6 48. Rd8+ Kc7 49. Rdxd5 Rg1+ 50. Kh5 Nf3 0-1

[Event "Early-Titled-Tuesday-Blitz-October-10-2023"]
[Site "Chess.com"]
[Date "2023.10.10"]
[Round "7"]
[White "Harry_Rakkel"]
[Black "Haykoooo0o"]
[Result "1-0"]
[WhiteElo "2633"]
[BlackElo "2455"]
[TimeControl "180+1"]
[EndTime "9:16:05 PDT"]
[Termination "Harry_Rakkel won by resignation"]

1. c4 Nf6 2. Nc3 g6 3. e4 d6 4. g3 Bg7 5. Bg2 O-O 6. d4 c5 7. Nge2 Nc6 8. d5 Ne5 9. b3 Bg4 10. O-O Nf3+ 11. Kh1 Qd7 12. h3 Bh5 13. Be3 Nd4 14.
f3 Bxf3 15. Rxf3 Nxf3 16. Bxf3 Qxh3+ 17. Kg1 Ng4 18. Bxg4 Qxg4 19. Rc1 f5 20. Kh2 fxe4 21. Nf4 Qf5 22. Nb5 Be5 23. Nc7 Rac8 24. Nce6 Rf7 25.
Qe2 g5 26. Ng2 h6 27. Qh5 Rf6 28. Rc2 Qf3 29. Qxf3 exf3 30. Ne1 Kh7 31. Nd3 b6 32.
Nxe5 dxe5 33. Kg1 Kg6 34. Rh2 h5 35. Kf2 e4 36. Nxg5 Rd8 37. Nxe4 Rf5 38. Rh4 e6 39. d6 a6 40. a4 Rb8 41. Rf4 b5 42.
cxb5 axb5 43. a5 c4 44. bxc4 bxc4 45. Kxf3 Rxf4+ 46. Kxf4 Rb5 47. Nc5 Rxa5 48. d7 Ra8 49. Nxe6 Rf8+ 50. Nxf8+ Kf7 51. d8=Q 1-0

[Event "Early-Titled-Tuesday-Blitz-October-10-2023"]
[Site "Chess.com"]
[Date "2023.10.10"]
[Round "7"]
[White "Hasangatin_Ramil"]
[Black "Djager97"]
[Result "0-1"]
[WhiteElo "2716"]
[BlackElo "2601"]
[TimeControl "180+1"]
[EndTime "9:16:06 PDT"]
[Termination "Djager97 won by resignation"]

1. e4 e6 2. d3 d5 3. Qe2 c5 4.
Nf3 Nc6 5. g3 Nf6 6. Bg2 Be7 7.
e5 Nd7 8. O-O O-O 9. c4 Rb8 10.
Nc3 dxc4 11. dxc4 Nd4 12. Qe4 Nxf3+ 13. Bxf3 Qc7 14. Re1 a6 15. Bf4 b5 16. Rad1 Bb7 17.
Qe2 Bxf3 18. Qxf3 bxc4 19. Nd5 exd5 20. e6 Bd6 21. Bxd6 Qxd6 22. Rxd5 fxe6 23. Rxd6 Rxf3 24.
Rxd7 Rxb2 25. Rxe6 Rbxf2 26. Re8+ Rf8 27. Ree7 R2f7 28.
Rxf7 Rxf7 29. Rd8+ Rf8 30. Rd5 Rc8 31. Kf2 Rc6 32. Ke2 Kf7 33. Rd7+ Kf6 34. Kd2 Re6 35. Kc3 Re2 36. a4 Rxh2 37. Kxc4 Rg2 38. Rd3 Ra2 39. Rd6+ Kg5 40. Rxa6 Ra3 41. Ra7 g6 42. Rxh7 Rxa4+ 43. Kxc5 Ra3 44. Kd4 Rxg3 45. Ke4 Kg4 46. Rh1 g5 47.
Ra1 Rg2 48. Ra3 Re2+ 49. Kd3 Re8 50. Ra1 Kf3 51. Rf1+ Kg2 52. Rf5 g4 53. Rf7 g3 54.
Rf8 Rxf8 0-1

[Event "Early-Titled-Tuesday-Blitz-October-10-2023"]
[Site "Chess.com"]
[Date "2023.10.10"]
[Round "7"]
[White "salomez"]
[Black "surrenderPLS"]
[Result "0-1"]
[WhiteElo "2321"]
[BlackElo "2520"]
[TimeControl "180+1"]
[EndTime "9:16:06 PDT"]
[Termination "surrenderPLS won on time"]

1. d4 Nf6 2. Nc3 e6 3. Bf4 Bb4 4. Qd3 O-O 5. Nf3 c5 6. dxc5 Na6 7. Bd6 Nxc5 8. Qc4 Bxc3+ 9. bxc3 Nce4 10. Bxf8 Qxf8 11.
e3 b6 12. Bd3 Bb7 13. O-O Rc8 14. Qb4 Nxc3 15. Qxf8+ Kxf8 16. Ne5 Ke7 17. f4 d6 18. Nc4 Bd5 19. Nd2 Bxa2 20. e4 a5 21. Rfe1 h6 22.
Kf2 g5 23. g3 gxf4 24. gxf4 Ng4+ 25. Kg3 Rg8 26. Kh4 Nf2 27. Rg1 Rc8 28. Rg7 b5 29.
Bxb5 Rb8 30. Bd3 Rb2 31. Nc4 Bxc4 32. Bxc4 a4 33. f5 d5 34. exd5 exd5 35. Ba6 Nce4 36. c4 d4 37. c5 Nxc5 38. Bc8 d3 39. Be6 Nxe6 40. fxe6 Kxe6 41. Rg8 d2 42. Re8+ Kd7 0-1

[Event "Early-Titled-Tuesday-Blitz-October-10-2023"]
[Site "Chess.com"]
[Date "2023.10.10"]
[Round "7"]
[White "vedantgoswami"]
[Black "mary-sanna"]
[Result "1-0"]
[WhiteElo "2388"]
[BlackElo "2161"]
[TimeControl "180+1"]
[EndTime "9:16:06 PDT"]
[Termination "vedantgoswami won by resignation"]

1. c3 d5 2. d4 Nf6 3. Bf4 c5 4. e3 Nc6 5. Nd2 e6 6. Ngf3 Nh5 7. Be5 f6 8. Bg3 Nxg3 9. hxg3 Qb6 10. Qb3 c4 11. Qc2 g6 12. g4 Bg7 13. Be2 Bd7 14.
b3 cxb3 15. axb3 a6 16. b4 Rc8 17. Qb2 O-O 18. Nb3 e5 19. g5 exd4 20. exd4 f5 21.
Nc5 Qc7 22. Qa2 Ne7 23. O-O Bb5 24. Bxb5 axb5 25. Ne6 Qxc3 26. Nxf8 Rxf8 27. Rfe1 Qxb4 28. Rab1 Qd6 29. Rxb5 b6 30. Qe2 Nc6 31. Qe6+ Qxe6 32.
Rxe6 Nxd4 33. Nxd4 Bxd4 34. Rxd5 Bc5 35. Rd7 Rf7 36.
Re8+ Kg7 37. Red8 Rxd7 38. Rxd7+ Kg8 39. g3 Bf8 40. Kg2 Bc5 41. Kf3 Bf8 42. Ke2 Ba3 43.
Kd3 Bc1 44. f4 Ba3 45. Rb7 Bc5 46. Ke2 Kh8 47. Kf3 Kg8 48. g4 fxg4+ 49. Kxg4 Kh8 50. f5 gxf5+ 51. Kxf5 Kg8 52. Kf6 Bd4+ 53. Kf5 Bc5 54.
Rd7 Bg1 55. Kf6 h5 56. g6 Bc5 57. Rd8+ Bf8 58. g7 Kh7 59. gxf8=Q 1-0

[Event "Early-Titled-Tuesday-Blitz-October-10-2023"]
[Site "Chess.com"]
[Date "2023.10.10"]
[Round "7"]
[White "karinachess1"]
[Black "DvaHrasta"]
[Result "1-0"]
[WhiteElo "2617"]
[BlackElo "2436"]
[TimeControl "180+1"]
[EndTime "9:16:08 PDT"]
[Termination "karinachess1 won on time"]

1. d4 Nf6 2. c4 e6 3. Nc3 Bb4 4. Qc2 d5 5. a3 Bxc3+ 6. Qxc3 O-O 7. Nf3 c6 8. Bg5 h6 9. Bf4 a5 10. e3 a4 11. Bd3 b6 12. h3 Re8 13. O-O Ba6 14. Qc2 Bxc4 15. Bxc4 dxc4 16. Qxc4 Qd5 17.
Qc2 Nbd7 18. Rfd1 Rec8 19. Rac1 Qe4 20. Qe2 c5 21. Nd2 Qf5 22. Nc4 cxd4 23. Nd6 Rxc1 24. Nxf5 Rxd1+ 25. Qxd1 exf5 26. Qxd4 b5 27. Qd3 Rc8 28.
Qxb5 Rc1+ 29. Kh2 Rc2 30. Bg3 Nc5 31. f3 Nb3 32. Qxf5 Re2 33. Be5 Nd2 34. Bxf6 gxf6 35. Qd3 Rf2 36. Kg1 Nxf3+ 37. Kxf2 Ne5 38. Qa6 Kg7 39. Qxa4 Nd3+ 40. Kf3 Ne5+ 41. Ke4 Ng6 42. Qc2 f5+ 43. Kxf5 Ne7+ 44. Kg4 f5+ 45. Kf3 Kg6 46. a4 Ng8 47. a5 Nf6 48. a6 Ne4 49. Qxe4 1-0